 Dungeon Crawl Stone Soup version 0.27-a0-1119-gbf574a6a6b (webtiles) character file.

Game seed: 2144534630264443293

9 jasper the Sneak (level 2, -4/24 HPs)
             Began as a Demonspawn Delver on May 2, 2021.
             Slain by an iguana (6 damage)
             ... on level 5 of the Dungeon.
             The game lasted 00:01:36 (679 turns).

jasper the Sneak (Demonspawn Delver)                 Turns: 679, Time: 00:01:37

Health: -4/24      AC:  6    Str: 12    XL:     2   Next: 6%
Magic:  2/2        EV: 11    Int: 13    God:
Gold:   30         SH:  5    Dex: 14    Spells: 1/1 levels left

rFire    . . .     SeeInvis .   a - +0 falchion
rCold    . . .     Faith    .   h - +2 buckler of Tenacity {rPois Int+2}
rNeg     . . .     Spirit   .   f - +3 leather armour
rPois    +         Reflect  .   (no helmet)
rElec    .         Harm     .   (no cloak)
rCorr    .         Rampage  .   (no gloves)
Will     .....                  (no boots)
Stlth    ++........             (no amulet)
HPRegen  0.08/turn              (no ring)
MPRegen  0.08/turn              (no ring)

@: no status effects
A: demonic magic 1
a: no special abilities


You were on level 5 of the Dungeon.
You visited 1 branch of the dungeon, and saw 2 of its levels.

You collected 30 gold pieces.

Inventory:

Hand Weapons
 a - a +0 falchion (weapon)
Armour
 b - a +0 leather armour
 f - a +3 leather armour (worn)
 h - the +2 buckler of Tenacity (worn) {rPois Int+2}
   (You found it on level 6 of the Dungeon)

   It affects your intelligence (+2).
   It protects you from poison.
Wands
 g - a wand of digging (1)
Scrolls
 c - a scroll of fog
 d - 2 scrolls of magic mapping
 j - a scroll of enchant armour


   Skills:
 - Level 3.0 Fighting
 + Level 2.5 Long Blades
 - Level 1.7 Dodging
 - Level 4.5 Stealth


You had one spell level left.
You didn't know any spells.
Your spell library was empty.

Dungeon Overview and Level Annotations

Branches:
Dungeon (6/15)
 Temple: D:4-7

Altars:

Annotations:
D:5 1 runed translucent door, exclusion: water moccasin, Crazy Yiuf


Innate Abilities, Weirdness & Mutations

Spells you cast may paralyse adjacent enemies.


Message History

The rock shatters into small pieces.
Aiming: Dig
Press: ? - help, Shift-Dir - straight line You can't see that place.
The rock shatters into small pieces.
You start resting.
HP restored.
Health restored: 24
Found a mace.
Found a runed translucent door.
Crazy Yiuf shouts!
You aren't carrying any potions.
Unknown command.
As you read the scroll labelled IROIRE QUHEI, it crumbles to dust.
It is a scroll of identify.
j - a scroll of enchant armour Crazy Yiuf says, "Liver mumblescurry rumpyflump!"
You aren't carrying any potions.
The iguana hisses angrily.
An iguana is nearby!
You aren't carrying any potions.
Okay, then.
Okay, then.
Okay, then.
Unknown command.
Unknown command.
You barely miss the iguana. You block the iguana's attack.
The iguana bites you!
You take 11 damage, and have 13/24 hp.
MASSIVE DAMAGE!!
You barely miss the iguana.
The iguana hisses menacingly.
The iguana bites you!
* * * LOW HITPOINT WARNING * * *
You take 11 damage, and have 2/24 hp.
MASSIVE DAMAGE!!
You hit the iguana but do no damage. You block the iguana's attack.
You hit the iguana but do no damage. You block the iguana's attack.
Your shield prevents you from hitting the iguana.
The iguana closely misses you.
You riposte.
You barely miss the iguana. You barely miss the iguana.
You block the iguana's attack. The iguana bites you.
You die...

♣♣.♣ #.....(.#####
♣.♣♣ #.......## ♣♣.♣♣
#........# ## ♣...♣♣
#.......###.# ♣....♣
#............ #....#
#............
##..#####.........##..
#.....####..l.....#..
##....# ###@........
#.....#####..........#
#....................#
#.....................
##....................
##...................
#.........##..##..#..
##....>....#.......#
#.#...#............#


You could see an iguana.

Vanquished Creatures
  A shadow imp (D:5)
  An orc (D:6)
2 creatures vanquished.

Notes
Turn   | Place    | Note
-------+----------+-------------------------------------------
     0 | D:5      | jasper the Demonspawn Delver began the quest for the Orb.
     0 | D:5      | Reached XP level 1. HP: 18/18 MP: 1/1
    19 | D:6      | Identified the +2 buckler of Tenacity {rPois Int+2}
    19 | D:6      | Noticed a black bear
   263 | D:5      | Noticed a water moccasin
   364 | D:5      | Noticed a water moccasin
   364 | D:5      | Noticed an iguana
   365 | D:5      | Noticed a necrophage
   365 | D:5      | Noticed a jelly
   385 | D:5      | Gained mutation: Spells you cast may paralyse adjacent
                  | enemies. [demonic ancestry]
   385 | D:5      | Reached XP level 2. HP: 4/24 MP: 2/2
   649 | D:5      | Found a runed translucent door.
   650 | D:5      | Noticed Crazy Yiuf
   679 | D:5      | Slain by an iguana

Illustrated notes

Levels and vault maps discovered:
D:5:      layout_cave_pools, minmay_temple_entry_ruins, minmay_joined_circles,
          uniq_crazy_yiuf_cottage
D:6:      layout_gridville, lemuel_crystal_altar, serial_glass, glass_columns_a,
          glass_columns_c

Skill      XL: |  1 |
---------------+----+-----
Long Blades    | 2 |  2.5
Fighting       | |  3.0
Dodging        | |  1.7
Stealth        | |  4.5

Action                   || total
-------------------------++-------
Melee: Falchion          ||    14
Evoke: Wand              ||     2
  Use: Potion            ||     1
       Scroll            ||     2
Armor: Leather armour    ||     1
Dodge: Dodged            ||    12
Block: Buckler           ||     6
       Rpst.: Falchion   ||     3

Table legend: (Time is in decaauts)
 A = Elapsed time spent in this place.
 B = Non-inter-level travel time spent in this place.
 C = Inter-level travel time spent in this place.
 D = Time resting spent in this place.
 E = Time spent auto-exploring this place.
 F = Levels seen in this place.
 G = Mean time per level.
                   A        B        C        D        E       F      G
               +--------+--------+--------+--------+--------+-----+--------+
         Total |    662 |    654 |      8 |    428 |     78 |   2 |  331.0 |
       Dungeon |    662 |    654 |      8 |    428 |     78 |   2 |  331.0 |
               +--------+--------+--------+--------+--------+-----+--------+

Top non-repeatable levels by time:
     D:5: 633 daAuts
     D:6: 29 daAuts
